Capitals vs Devils

Created - 27 avril 2020 at 19:35

Goals
1 2 3 T
Capitals 0 1 0 1
Devils 2 2 1 5
Shots
1 2 3 T
Capitals 9 10 4 23
Devils 9 14 13 36

1st period

1. Devils , Jeff Skinner 24 (Patrice Bergeron 40, Calvin de Haan 10) at 11:46
2. Devils , Kyle Turris 19 (Sam Steel 24, Dominik Kahun 26) at 12:40

Penalties :
No Penalty

2nd period

3. Devils , Dominik Kahun 20 (Jonathon Merrill 14, Sam Steel 25) at 5:12
4. Devils , Jeff Skinner 25 (Jared Spurgeon 34, Patrice Bergeron 41) at 5:51
5. Capitals , Jake Guentzel 24 (Elias Pettersson 36) at 18:28

Penalties :
No Penalty

3rd period

6. Devils , Patrice Bergeron 30 (Brandon Carlo 20) at 2:55

Penalties :
Radek Faksa (NJD) for Fighting (Major) at 7:08, Ian Cole (WAS) for Fighting (Major) at 7:08, Ian Cole (WAS) for instigated a fight (Minor) at 7:08, Ian Cole (WAS) for instigated a fight (10 Minutes Misconduct) at 7:08, Brandon Carlo (NJD) for Hooking (Minor) at 16:30

Goalie Stats

Samuel Montembeault (WAS), 21 saves from 22 shots - (0,955), 34:09 minutes
Zachary Fucale (WAS), 10 saves from 14 shots - (0,714), L, 1-2-0, 25:51 minutes
Sergei Bobrovsky (NJD), 22 saves from 23 shots - (0,957), W, 40-20-6, 60:00 minutes

Players Stats for Capitals

Player Name              G  A  P  +/- PIM S  H  SB GA TA FO     MP     PP MP  PK MP  
------------------------------------------------------------------------------------
Anton Stralman           0  0  0   0  0   0  1  0  1  1  0/0    18:50   0:59   0:54 
Ben Chiarot              0  0  0   0  0   0  1  2  0  2  0/0    15:50   0:00   1:04 
Brady Skjei              0  0  0  -4  0   0  1  1  1  2  0/0    27:24   1:00   0:27 
Brock Nelson             0  0  0   0  0   2  2  1  0  1  0/0    15:41   0:44   0:00 
Claude Giroux            0  0  0  -1  0   2  1  1  0  1  13/26  21:50   0:44   0:46 
Curtis McKenzie          0  0  0  -1  0   0  2  0  0  0  0/0     8:40   0:00   0:00 
Darren Helm              0  0  0  -3  0   2  0  0  0  0  2/7    16:31   0:00   0:56 
Derek Grant              0  0  0   0  0   0  0  0  0  0  0/0     3:44   0:00   0:17 
Elias Pettersson         0  1  1   0  0   4  4  0  0  0  0/0    18:46   1:15   0:46 
Ian Cole                 0  0  0   0  17  1  0  1  0  0  0/0    13:45   0:00   0:00 
Jake Guentzel            1  0  1   0  0   3  2  2  0  0  2/10   18:00   1:15   0:00 
Joel Eriksson Ek         0  0  0  -3  0   3  0  0  0  0  0/0    16:36   0:00   0:00 
Josh Bailey              0  0  0   0  0   0  1  0  0  1  0/0    18:00   1:15   0:00 
Oliver Ekman-Larsson     0  0  0  -4  0   1  1  2  0  0  0/0    26:36   1:00   0:25 
Riley Sheahan            0  0  0  -1  0   0  1  1  0  0  0/2     9:36   0:00   0:56 
Tomas Tatar              0  0  0   0  0   3  0  0  0  0  0/2    15:41   0:44   0:00 
Tyler Pitlick            0  0  0  -3  0   1  1  0  0  1  0/0    15:57   0:00   0:17 
Zach Bogosian            0  0  0   0  0   1  3  2  0  0  0/0    16:33   0:59   1:08 

Players Stats for Devils

Player Name              G  A  P  +/- PIM S  H  SB GA TA FO     MP     PP MP  PK MP  
------------------------------------------------------------------------------------
Alex DeBrincat           0  0  0   3  0   3  1  0  0  0  1/2    18:12   0:58   0:00 
Anze Kopitar             0  0  0   0  0   3  4  0  2  0  12/19  19:44   1:01   0:00 
Brandon Carlo            0  1  1   0  2   3  2  2  0  0  0/0    21:23   1:13   0:00 
Cal O'Reilly             0  0  0  -1  0   2  0  0  0  0  0/0    11:00   0:00   1:04 
Calvin de Haan           0  1  1   3  0   0  1  2  1  2  0/0    23:38   0:46   1:20 
Dominik Kahun            1  1  2   2  0   2  1  0  0  0  0/0    12:02   0:10   0:00 
Jared Spurgeon           0  1  1   0  0   1  2  2  0  0  0/0    24:08   0:46   1:08 
Jeff Skinner             2  0  2   3  0   4  0  1  0  0  1/1    18:12   0:58   0:00 
Johnny Gaudreau          0  0  0   0  0   3  2  0  1  0  0/0    18:06   1:01   0:00 
Jonathon Merrill         0  1  1   3  0   1  4  4  1  0  0/0    19:45   0:00   0:51 
Kyle Turris              1  0  1   2  0   1  1  0  0  0  1/1    12:30   0:00   0:31 
Michael Del Zotto        0  0  0   1  0   0  1  4  0  0  0/0    15:15   0:00   0:39 
Patrice Bergeron         1  2  3   3  0   4  3  0  0  0  12/20  18:29   0:58   0:00 
Pavel Buchnevich         0  0  0   0  0   1  1  1  1  0  0/0    18:22   0:51   0:31 
Radek Faksa              0  0  0  -1  5   5  0  0  0  0  2/3    10:05   0:00   1:04 
Sam Steel                0  2  2   2  0   0  0  1  1  0  1/1    12:11   0:00   0:24 
Torey Krug               0  0  0   1  0   2  3  4  2  0  0/0    15:50   1:13   0:00 
Valtteri Filppula        0  0  0  -1  0   1  0  1  0  0  0/0     9:07   0:00   0:24 

3 Stars

1 - Patrice Bergeron (NJD)
2 - Jeff Skinner (NJD)
3 - Dominik Kahun (NJD)

Power Play

Capitals - 0 on 1 Attempt(s) - 0,00%
Devils - 0 on 1 Attempt(s) - 0,00%

Penalty Kill

Capitals - 1 on 1 Attempt(s) - 100,00% - Score 0 goal in Penalty Kill
Devils - 1 on 1 Attempt(s) - 100,00% - Score 0 goal in Penalty Kill

Team Stat

Capitals - Hits : 21 - Faceoff Wins : 17 - Blocked Shots : 13 - Penalty Minutes : 17
Devils - Hits : 26 - Faceoff Wins : 30 - Blocked Shots : 22 - Penalty Minutes : 7

Official

Referees : Gord Dwyer and Tom Kowal
Linesman : Michel Cormier and Don Henderson

Game Notes

Samuel Montembeault enters game at 5:51 of 2nd period
Radek Faksa beats up Ian Cole at 7:08 of 3rd period

Finance

Level 1 -- Attendance: 4883 (81,38%) -- Ticket Income 488 300 $
Level 2 -- Attendance: 5000 (100,00%) -- Ticket Income 300 000 $
Level 3 -- Attendance: 1991 (99,55%) -- Ticket Income 69 685 $
Level 4 -- Attendance: 3661 (91,53%) -- Ticket Income 73 220 $
Luxury Box -- Attendance: 752 (75,20%) -- Ticket Income 150 400 $
Game was played at the Hellgates Center.
Total Attendance: 16287 (90,48%)
Total Ticket Income: 1 081 605 $
Other Income: 529 986 $
Total Income: 1 611 591 $

Capitals

5 vs 5 Forward 
   Center                   Left Wing                Right Wing               Time % Phy DF OF 
 1 Claude Giroux            Brock Nelson             Tomas Tatar              33     1   2  2  
 2 Jake Guentzel            Elias Pettersson         Josh Bailey              27     1   2  2  
 3 Darren Helm              Joel Eriksson Ek         Tyler Pitlick            25     1   2  2  
 4 Riley Sheahan            Curtis McKenzie          Claude Giroux            15     1   2  2  

5 vs 5 Defense 
   Defense                  Defense                                           Time % Phy DF OF 
 1 Oliver Ekman-Larsson     Brady Skjei                                       40     1   2  2  
 2 Ian Cole                 Anton Stralman                                    30     1   2  2  
 3 Zach Bogosian            Ben Chiarot                                       20     1   2  2  
 4 Oliver Ekman-Larsson     Brady Skjei                                       10     1   2  2  

PowerPlay Forward 
   Center                   Left Wing                Right Wing               Time % Phy DF OF 
 1 Claude Giroux            Brock Nelson             Tomas Tatar              60     1   2  2  
 2 Jake Guentzel            Elias Pettersson         Josh Bailey              40     1   2  2  

PowerPlay Defense
   Defense                  Defense                                           Time % Phy DF OF 
 1 Oliver Ekman-Larsson     Brady Skjei                                       60     1   2  2  
 2 Ian Cole                 Anton Stralman                                    40     1   2  2  

Penalty Kill 4 Players Forward 
   Center                   Wing                     Time % Phy DF OF 
 1 Riley Sheahan            Darren Helm              60     1   2  2  
 2 Derek Grant              Tyler Pitlick            40     1   2  2  

Penalty Kill 4 Players Defense
   Defense                  Defense                  Time % Phy DF OF 
 1 Ben Chiarot              Zach Bogosian            60     1   2  2  
 2 Ian Cole                 Anton Stralman           40     1   2  2  

Penalty Kill - 3 Players Forward 
   Forward                                           Time % Phy DF OF 
 1 Riley Sheahan                                     60     1   2  2  
 2 Derek Grant                                       40     1   2  2  

Penalty Kill - 3 Players Defense
   Defense                  Defense                  Time % Phy DF OF 
 1 Zach Bogosian            Ben Chiarot              60     1   2  2  
 2 Ian Cole                 Anton Stralman           40     1   2  2  

4 vs 4 Forward 
   Center                   Wing                     Time % Phy DF OF 
 1 Claude Giroux            Brock Nelson             60     1   2  2  
 2 Elias Pettersson         Jake Guentzel            40     1   2  2  

4 vs 4 Defense
   Defense                  Defense                  Time % Phy DF OF 
 1 Oliver Ekman-Larsson     Brady Skjei              60     1   2  2  
 2 Ian Cole                 Anton Stralman           40     1   2  2  

Last Minutes Offensive
   Center                   Left Wing                Right Wing               Defense                  Defense                  
   Claude Giroux            Brock Nelson             Tomas Tatar              Oliver Ekman-Larsson     Brady Skjei              

Last Minutes Defensive
   Center                   Left Wing                Right Wing               Defense                  Defense                  
   Claude Giroux            Brock Nelson             Tomas Tatar              Oliver Ekman-Larsson     Brady Skjei              

Goaltenders
Starting : Zachary Fucale           
Backup : Samuel Montembeault      

Extra Forwards
Normal : Derek Grant, Darren Helm, Riley Sheahan - PP : Derek Grant, Darren Helm - PK : Riley Sheahan
Extra Defensemen
Normal : Zach Bogosian, Ben Chiarot, Ian Cole - PP : Zach Bogosian - PK : Ben Chiarot, Ian Cole
Penalty Shots
Claude Giroux, Brock Nelson, Elias Pettersson, Jake Guentzel, Tomas Tatar
Custom OT Lines Forwards
Claude Giroux, Brock Nelson, Elias Pettersson, Jake Guentzel, Tomas Tatar, Josh Bailey, Darren Helm, Riley Sheahan, Tyler Pitlick, Derek Grant
Custom OT Lines Defensemen
Oliver Ekman-Larsson, Brady Skjei, Ian Cole, Anton Stralman, Zach Bogosian

Scratches
Damon Severson (Healthy), Henrik Lundqvist (Suspend)

Devils

5 vs 5 Forward 
   Center                   Left Wing                Right Wing               Time % Phy DF OF 
 1 Patrice Bergeron         Jeff Skinner             Alex DeBrincat           34     0   1  4  
 2 Anze Kopitar             Johnny Gaudreau          Pavel Buchnevich         34     0   1  4  
 3 Sam Steel                Dominik Kahun            Kyle Turris              22     0   1  4  
 4 Radek Faksa              Valtteri Filppula        Cal O'Reilly             10     0   2  3  

5 vs 5 Defense 
   Defense                  Defense                                           Time % Phy DF OF 
 1 Jared Spurgeon           Brandon Carlo                                     37     0   2  3  
 2 Jonathon Merrill         Calvin de Haan                                    37     0   2  3  
 3 Michael Del Zotto        Torey Krug                                        20     1   3  1  
 4 Jared Spurgeon           Calvin de Haan                                    6      1   3  1  

PowerPlay Forward 
   Center                   Left Wing                Right Wing               Time % Phy DF OF 
 1 Patrice Bergeron         Jeff Skinner             Alex DeBrincat           50     0   0  5  
 2 Anze Kopitar             Johnny Gaudreau          Pavel Buchnevich         50     0   0  5  

PowerPlay Defense
   Defense                  Defense                                           Time % Phy DF OF 
 1 Torey Krug               Brandon Carlo                                     67     0   0  5  
 2 Calvin de Haan           Jared Spurgeon                                    33     0   0  5  

Penalty Kill 4 Players Forward 
   Center                   Wing                     Time % Phy DF OF 
 1 Radek Faksa              Cal O'Reilly             60     1   4  0  
 2 Valtteri Filppula        Sam Steel                40     1   4  0  

Penalty Kill 4 Players Defense
   Defense                  Defense                  Time % Phy DF OF 
 1 Calvin de Haan           Brandon Carlo            57     1   4  0  
 2 Jared Spurgeon           Jonathon Merrill         43     1   4  0  

Penalty Kill - 3 Players Forward 
   Forward                                           Time % Phy DF OF 
 1 Radek Faksa                                       60     0   5  0  
 2 Valtteri Filppula                                 40     0   5  0  

Penalty Kill - 3 Players Defense
   Defense                  Defense                  Time % Phy DF OF 
 1 Calvin de Haan           Brandon Carlo            59     1   4  0  
 2 Jared Spurgeon           Michael Del Zotto        41     1   4  0  

4 vs 4 Forward 
   Center                   Wing                     Time % Phy DF OF 
 1 Jeff Skinner             Johnny Gaudreau          50     0   1  4  
 2 Anze Kopitar             Alex DeBrincat           50     0   1  4  

4 vs 4 Defense
   Defense                  Defense                  Time % Phy DF OF 
 1 Torey Krug               Brandon Carlo            52     1   2  2  
 2 Jared Spurgeon           Jonathon Merrill         48     1   2  2  

Last Minutes Offensive
   Center                   Left Wing                Right Wing               Defense                  Defense                  
   Patrice Bergeron         Jeff Skinner             Johnny Gaudreau          Torey Krug               Jared Spurgeon           

Last Minutes Defensive
   Center                   Left Wing                Right Wing               Defense                  Defense                  
   Anze Kopitar             Valtteri Filppula        Cal O'Reilly             Jared Spurgeon           Brandon Carlo            

Goaltenders
Starting : Sergei Bobrovsky         
Backup : Devan Dubnyk             

Extra Forwards
Normal : Anze Kopitar, Patrice Bergeron, Kyle Turris - PP : Anze Kopitar, Patrice Bergeron - PK : Kyle Turris
Extra Defensemen
Normal : Calvin de Haan, Torey Krug, Jared Spurgeon - PP : Jared Spurgeon - PK : Calvin de Haan, Jared Spurgeon
Penalty Shots
Johnny Gaudreau, Anze Kopitar, Calvin de Haan, Kyle Turris, Patrice Bergeron
Custom OT Lines Forwards
Valtteri Filppula, Pavel Buchnevich, Jeff Skinner, Sam Steel, Alex DeBrincat, Anze Kopitar, Patrice Bergeron, Radek Faksa, Kyle Turris, Johnny Gaudreau
Custom OT Lines Defensemen
Torey Krug, Michael Del Zotto, Jared Spurgeon, Calvin de Haan, Jonathon Merrill

Scratches
Neal Pionk (Healthy), Jesper Fast (Healthy), Roope Hintz (Healthy)

% Time on Ice - Capitals

Lines # - Real PCT - Wanted PCT - Time Play
Normal Forward
1 - 27% - 33% - 14:57
2 - 30% - 27% - 16:50
3 - 28% - 25% - 15:35
4 - 15% - 15% - 8:40
Normal Defense
1 - 34% - 40% - 19:11
2 - 36% - 30% - 19:57
3 - 22% - 20% - 12:30
4 - 8% - 10% - 4:24
PP Forward
1 - 37% - 60% - 0:44
2 - 63% - 40% - 1:15
PP Defense
1 - 50% - 60% - 1:00
2 - 50% - 40% - 0:59
PK Forward
1 - 86% - 60% - 1:42
2 - 14% - 40% - 0:17
PK Defense
1 - 32% - 60% - 0:38
2 - 68% - 40% - 1:21
PK3 Forward
1 - 0% - 60%
2 - 0% - 40%
PK3 Defense
1 - 0% - 60%
2 - 0% - 40%
44 Forward
1 - 0% - 60%
2 - 0% - 40%
44 Defense
1 - 0% - 60%
2 - 0% - 40%
Last Minute Offensive  - 0:00
Last Minute Defensive  - 0:00
Total
Forward - 60:00
Defense - 60:00

% Time on Ice - Devils

Lines # - Real PCT - Wanted PCT - Time Play
Normal Forward
1 - 33% - 34% - 18:27
2 - 30% - 34% - 17:05
3 - 21% - 22% - 11:47
4 - 16% - 10% - 8:43
Normal Defense
1 - 36% - 37% - 20:11
2 - 34% - 37% - 18:54
3 - 26% - 20% - 14:19
4 - 5% - 6% - 2:38
PP Forward
1 - 49% - 50% - 0:58
2 - 51% - 50% - 1:01
PP Defense
1 - 61% - 67% - 1:13
2 - 39% - 33% - 0:46
PK Forward
1 - 80% - 60% - 1:35
2 - 20% - 40% - 0:24
PK Defense
1 - 74% - 57% - 1:28
2 - 26% - 43% - 0:31
PK3 Forward
1 - 0% - 60%
2 - 0% - 40%
PK3 Defense
1 - 0% - 59%
2 - 0% - 41%
44 Forward
1 - 0% - 50%
2 - 0% - 50%
44 Defense
1 - 0% - 52%
2 - 0% - 48%
Last Minute Offensive  - 0:00
Last Minute Defensive  - 0:00
Total
Forward - 60:00
Defense - 60:00

Play-by-Play

1st period


0:01 of 1st period - Claude Giroux wins face-off versus Patrice Bergeron in neutral zone.
0:27 of 1st period - Brock Nelson is hit by Brandon Carlo.
0:53 of 1st period - Anze Kopitar is hit by Elias Pettersson and loses puck.
1:36 of 1st period - Wrist shot by Patrice Bergeron.
1:36 of 1st period - Shot Misses the Net.
3:06 of 1st period - Snap shot by Elias Pettersson.
3:06 of 1st period - Shot Misses the Net.
3:54 of 1st period - Anton Stralman is hit by Torey Krug and loses puck.
4:17 of 1st period - Snap shot by Torey Krug.
4:17 of 1st period - Stopped by Zachary Fucale without a rebound.
4:18 of 1st period - Darren Helm wins face-off versus Anze Kopitar in Capitals zone.
4:25 of 1st period - Slapshot by Darren Helm.
4:25 of 1st period - Shot Misses the Net.
4:43 of 1st period - Jake Guentzel is hit by Patrice Bergeron and loses puck.
4:48 of 1st period - Snap shot by Patrice Bergeron.
4:48 of 1st period - Stopped by Zachary Fucale without a rebound.
4:49 of 1st period - Patrice Bergeron wins face-off versus Jake Guentzel in Capitals zone.
5:02 of 1st period - Wrist shot by Jake Guentzel.
5:02 of 1st period - Stopped by Sergei Bobrovsky with a rebound.
5:04 of 1st period - Slapshot by Ben Chiarot.
5:04 of 1st period - Shot Blocked by Torey Krug.
5:26 of 1st period - Off-side.
5:27 of 1st period - Anze Kopitar wins face-off versus Jake Guentzel in neutral zone.
5:34 of 1st period - Slapshot by Pavel Buchnevich.
5:34 of 1st period - Shot Misses the Net.
5:44 of 1st period - Wrist shot by Johnny Gaudreau.
5:44 of 1st period - Shot Blocked by Oliver Ekman-Larsson.
5:54 of 1st period - Jared Spurgeon is hit by Tyler Pitlick and loses puck.
6:01 of 1st period - Wrist shot by Tyler Pitlick.
6:01 of 1st period - Stopped by Sergei Bobrovsky without a rebound.
6:02 of 1st period - Claude Giroux wins face-off versus Patrice Bergeron in Devils zone.
6:56 of 1st period - Snap shot by Elias Pettersson.
6:56 of 1st period - Shot Misses the Net.
6:58 of 1st period - Snap shot by Ian Cole.
6:58 of 1st period - Stopped by Sergei Bobrovsky without a rebound.
6:59 of 1st period - Patrice Bergeron wins face-off versus Claude Giroux in Devils zone.
7:29 of 1st period - Wrist shot by Brandon Carlo.
7:29 of 1st period - Stopped by Zachary Fucale with a rebound.
7:31 of 1st period - Slapshot by Jared Spurgeon.
7:31 of 1st period - Shot Misses the Net.
7:33 of 1st period - Snap shot by Anze Kopitar.
7:33 of 1st period - Stopped by Zachary Fucale with a rebound.
8:05 of 1st period - Cal O'Reilly is hit by Jake Guentzel and loses puck.
8:15 of 1st period - Icing by Jake Guentzel.
8:16 of 1st period - Jake Guentzel wins face-off versus Patrice Bergeron in Capitals zone.
8:25 of 1st period - Wrist shot by Elias Pettersson.
8:25 of 1st period - Stopped by Sergei Bobrovsky with a rebound.
8:35 of 1st period - Wrist shot by Elias Pettersson.
8:35 of 1st period - Stopped by Sergei Bobrovsky with a rebound.
8:57 of 1st period - Claude Giroux is hit by Anze Kopitar and loses puck.
9:08 of 1st period - Torey Krug is hit by Zach Bogosian and loses puck.
9:29 of 1st period - Jared Spurgeon is hit by Curtis McKenzie and loses puck.
9:34 of 1st period - Snap shot by Claude Giroux.
9:34 of 1st period - Stopped by Sergei Bobrovsky with a rebound.
9:36 of 1st period - Snap shot by Claude Giroux.
9:36 of 1st period - Stopped by Sergei Bobrovsky without a rebound.
9:37 of 1st period - Anze Kopitar wins face-off versus Claude Giroux in Devils zone.
10:01 of 1st period - Tyler Pitlick is hit by Patrice Bergeron and loses puck.
10:08 of 1st period - Snap shot by Jeff Skinner.
10:08 of 1st period - Shot Misses the Net.
10:44 of 1st period - Slapshot by Tomas Tatar.
10:44 of 1st period - Deflect By Claude Giroux.
10:44 of 1st period - Shot Misses the Net.
10:44 of 1st period - Puck is out of play.
10:45 of 1st period - Claude Giroux wins face-off versus Anze Kopitar in Devils zone.
10:46 of 1st period - Snap shot by Brock Nelson.
10:46 of 1st period - Shot Blocked by Brandon Carlo.
11:32 of 1st period - Snap shot by Anze Kopitar.
11:32 of 1st period - Stopped by Zachary Fucale with a rebound.
11:34 of 1st period - Slapshot by Brandon Carlo.
11:34 of 1st period - Shot Blocked by Brock Nelson.
11:36 of 1st period - Slapshot by Jared Spurgeon.
11:36 of 1st period - Deflect By Claude Giroux.
11:36 of 1st period - Stopped by Zachary Fucale without a rebound.
11:37 of 1st period - Patrice Bergeron wins face-off versus Darren Helm in Capitals zone.
11:40 of 1st period - Wrist shot by Patrice Bergeron.
11:40 of 1st period - Shot Misses the Net.
11:42 of 1st period - Slapshot by Calvin de Haan.
11:42 of 1st period - Shot Misses the Net.
11:44 of 1st period - Snap shot by Patrice Bergeron.
11:44 of 1st period - Shot Blocked by Brady Skjei.
11:46 of 1st period - Snap shot by Jeff Skinner.
11:46 of 1st period - Goal by Jeff Skinner - Capitals : 0 - Devils : 1.
11:47 of 1st period - Patrice Bergeron wins face-off versus Darren Helm in neutral zone.
12:03 of 1st period - Icing by Darren Helm.
12:04 of 1st period - Darren Helm wins face-off versus Anze Kopitar in Capitals zone.
12:09 of 1st period - Snap shot by Darren Helm.
12:09 of 1st period - Shot Blocked by Pavel Buchnevich.
12:31 of 1st period - Tyler Pitlick is hit by Kyle Turris and loses puck.
12:40 of 1st period - Wrist shot by Kyle Turris.
12:40 of 1st period - Goal by Kyle Turris - Capitals : 0 - Devils : 2.
12:41 of 1st period - Claude Giroux wins face-off versus Patrice Bergeron in neutral zone.
12:44 of 1st period - Wrist shot by Claude Giroux.
12:44 of 1st period - Shot Blocked by Jonathon Merrill.
12:46 of 1st period - Slapshot by Brady Skjei.
12:46 of 1st period - Shot Misses the Net.
12:48 of 1st period - Slapshot by Brady Skjei.
12:48 of 1st period - Deflect By Tomas Tatar.
12:48 of 1st period - Shot Blocked by Jeff Skinner.
12:48 of 1st period - Puck is out of play.
12:49 of 1st period - Patrice Bergeron wins face-off versus Claude Giroux in Devils zone.
12:56 of 1st period - Snap shot by Alex DeBrincat.
12:56 of 1st period - Shot Blocked by Claude Giroux.
13:28 of 1st period - Wrist shot by Tomas Tatar.
13:28 of 1st period - Stopped by Sergei Bobrovsky without a rebound.
13:29 of 1st period - Anze Kopitar wins face-off versus Jake Guentzel in Devils zone.
15:10 of 1st period - Wrist shot by Josh Bailey.
15:10 of 1st period - Shot Blocked by Jonathon Merrill.
16:09 of 1st period - Snap shot by Jeff Skinner.
16:09 of 1st period - Shot Misses the Net.
16:11 of 1st period - Snap shot by Patrice Bergeron.
16:11 of 1st period - Stopped by Zachary Fucale without a rebound.
16:12 of 1st period - Patrice Bergeron wins face-off versus Claude Giroux in Capitals zone.
16:28 of 1st period - Slapshot by Alex DeBrincat.
16:28 of 1st period - Shot Misses the Net.
16:51 of 1st period - Wrist shot by Tomas Tatar.
16:51 of 1st period - Shot Blocked by Sam Steel.
16:53 of 1st period - Slapshot by Brock Nelson.
16:53 of 1st period - Stopped by Sergei Bobrovsky without a rebound.
16:54 of 1st period - Jake Guentzel wins face-off versus Anze Kopitar in Devils zone.
17:27 of 1st period - Snap shot by Darren Helm.
17:27 of 1st period - Shot Misses the Net.
17:43 of 1st period - Brandon Carlo is hit by Riley Sheahan and loses puck.
17:50 of 1st period - Riley Sheahan is hit by Jared Spurgeon and loses puck.
18:37 of 1st period - Brady Skjei is hit by Alex DeBrincat and loses puck.
18:58 of 1st period - Elias Pettersson is hit by Torey Krug and loses puck.
19:05 of 1st period - Slapshot by Torey Krug.
19:05 of 1st period - Shot Blocked by Jake Guentzel.
19:21 of 1st period - Oliver Ekman-Larsson is hit by Jonathon Merrill and loses puck.
Goals for this period are 0 for Capitals vs 2 for Devils.
Shots for this period are 9 for Capitals vs 9 for Devils.

2nd period


0:01 of 2nd period - Patrice Bergeron wins face-off versus Riley Sheahan in neutral zone.
0:50 of 2nd period - Elias Pettersson is hit by Pavel Buchnevich and loses puck.
1:00 of 2nd period - Off-side.
1:01 of 2nd period - Claude Giroux wins face-off versus Anze Kopitar in neutral zone.
1:06 of 2nd period - Snap shot by Tomas Tatar.
1:06 of 2nd period - Shot Blocked by Jared Spurgeon.
1:08 of 2nd period - Slapshot by Zach Bogosian.
1:08 of 2nd period - Deflect By Jared Spurgeon.
1:08 of 2nd period - Stopped by Sergei Bobrovsky without a rebound.
1:09 of 2nd period - Claude Giroux wins face-off versus Anze Kopitar in Devils zone.
1:14 of 2nd period - Slapshot by Brock Nelson.
1:14 of 2nd period - Stopped by Sergei Bobrovsky with a rebound.
1:30 of 2nd period - Slapshot by Johnny Gaudreau.
1:30 of 2nd period - Stopped by Zachary Fucale without a rebound.
1:31 of 2nd period - Patrice Bergeron wins face-off versus Jake Guentzel in Capitals zone.
1:32 of 2nd period - Wrist shot by Alex DeBrincat.
1:32 of 2nd period - Stopped by Zachary Fucale with a rebound.
1:57 of 2nd period - Johnny Gaudreau is hit by Brady Skjei and loses puck.
2:02 of 2nd period - Wrist shot by Darren Helm.
2:02 of 2nd period - Stopped by Sergei Bobrovsky without a rebound.
2:03 of 2nd period - Anze Kopitar wins face-off versus Darren Helm in Devils zone.
2:16 of 2nd period - Darren Helm is hit by Anze Kopitar and loses puck.
2:43 of 2nd period - Snap shot by Darren Helm.
2:43 of 2nd period - Shot Blocked by Torey Krug.
2:45 of 2nd period - Backhand shot by Joel Eriksson Ek.
2:45 of 2nd period - Shot Misses the Net.
2:47 of 2nd period - Snap shot by Darren Helm.
2:47 of 2nd period - Shot Blocked by Michael Del Zotto.
3:04 of 2nd period - Snap shot by Joel Eriksson Ek.
3:04 of 2nd period - Shot Misses the Net.
3:06 of 2nd period - Wrist shot by Tyler Pitlick.
3:06 of 2nd period - Shot Blocked by Torey Krug.
3:18 of 2nd period - Snap shot by Joel Eriksson Ek.
3:18 of 2nd period - Stopped by Sergei Bobrovsky with a rebound.
3:20 of 2nd period - Snap shot by Joel Eriksson Ek.
3:20 of 2nd period - Shot Blocked by Michael Del Zotto.
3:34 of 2nd period - Wrist shot by Tyler Pitlick.
3:34 of 2nd period - Shot Blocked by Michael Del Zotto.
3:36 of 2nd period - Wrist shot by Darren Helm.
3:36 of 2nd period - Stopped by Sergei Bobrovsky without a rebound.
3:37 of 2nd period - Patrice Bergeron wins face-off versus Claude Giroux in Devils zone.
4:21 of 2nd period - Sam Steel is hit by Zach Bogosian and loses puck.
4:26 of 2nd period - Snap shot by Elias Pettersson.
4:26 of 2nd period - Shot Blocked by Calvin de Haan.
5:10 of 2nd period - Wrist shot by Dominik Kahun.
5:10 of 2nd period - Stopped by Zachary Fucale with a rebound.
5:12 of 2nd period - Slapshot by Jonathon Merrill.
5:12 of 2nd period - Deflect By Dominik Kahun.
5:12 of 2nd period - Goal by Dominik Kahun - Capitals : 0 - Devils : 3.
5:13 of 2nd period - Claude Giroux wins face-off versus Patrice Bergeron in neutral zone.
5:40 of 2nd period - Patrice Bergeron is hit by Curtis McKenzie and loses puck.
5:47 of 2nd period - Slapshot by Jared Spurgeon.
5:47 of 2nd period - Shot Blocked by Riley Sheahan.
5:49 of 2nd period - Snap shot by Jeff Skinner.
5:49 of 2nd period - Shot Misses the Net.
5:51 of 2nd period - Snap shot by Jeff Skinner.
5:51 of 2nd period - Goal by Jeff Skinner - Capitals : 0 - Devils : 4.
5:51 of 2nd period - Samuel Montembeault enters game.
5:52 of 2nd period - Anze Kopitar wins face-off versus Claude Giroux in neutral zone.
6:24 of 2nd period - Brady Skjei is hit by Johnny Gaudreau and loses puck.
6:55 of 2nd period - Wrist shot by Pavel Buchnevich.
6:55 of 2nd period - Stopped by Samuel Montembeault without a rebound.
6:56 of 2nd period - Claude Giroux wins face-off versus Patrice Bergeron in Capitals zone.
6:56 of 2nd period - Claude Giroux is hit by Jared Spurgeon.
7:06 of 2nd period - Snap shot by Alex DeBrincat.
7:06 of 2nd period - Shot Misses the Net.
7:08 of 2nd period - Slapshot by Jared Spurgeon.
7:08 of 2nd period - Shot Blocked by Ian Cole.
7:44 of 2nd period - Wrist shot by Radek Faksa.
7:44 of 2nd period - Stopped by Samuel Montembeault with a rebound.
7:46 of 2nd period - Slapshot by Brandon Carlo.
7:46 of 2nd period - Deflect By Cal O'Reilly.
7:46 of 2nd period - Stopped by Samuel Montembeault with a rebound.
7:48 of 2nd period - Slapshot by Valtteri Filppula.
7:48 of 2nd period - Shot Blocked by Zach Bogosian.
7:50 of 2nd period - Wrist shot by Radek Faksa.
7:50 of 2nd period - Stopped by Samuel Montembeault with a rebound.
7:52 of 2nd period - Snap shot by Valtteri Filppula.
7:52 of 2nd period - Stopped by Samuel Montembeault with a rebound.
7:54 of 2nd period - Wrist shot by Valtteri Filppula.
7:54 of 2nd period - Shot Blocked by Ben Chiarot.
8:29 of 2nd period - Icing by Tyler Pitlick.
8:30 of 2nd period - Radek Faksa wins face-off versus Darren Helm in Capitals zone.
8:47 of 2nd period - Snap shot by Alex DeBrincat.
8:47 of 2nd period - Stopped by Samuel Montembeault without a rebound.
8:48 of 2nd period - Anze Kopitar wins face-off versus Jake Guentzel in Capitals zone.
9:05 of 2nd period - Backhand shot by Jake Guentzel.
9:05 of 2nd period - Stopped by Sergei Bobrovsky with a rebound.
9:20 of 2nd period - Jared Spurgeon is hit by Brock Nelson and loses puck.
10:05 of 2nd period - Snap shot by Radek Faksa.
10:05 of 2nd period - Stopped by Samuel Montembeault with a rebound.
10:26 of 2nd period - Wrist shot by Oliver Ekman-Larsson.
10:26 of 2nd period - Stopped by Sergei Bobrovsky without a rebound.
10:27 of 2nd period - Claude Giroux wins face-off versus Alex DeBrincat in Devils zone.
10:39 of 2nd period - Slapshot by Claude Giroux.
10:39 of 2nd period - Shot Blocked by Jared Spurgeon.
10:41 of 2nd period - Wrist shot by Tomas Tatar.
10:41 of 2nd period - Shot Blocked by Brandon Carlo.
10:43 of 2nd period - Slapshot by Oliver Ekman-Larsson.
10:43 of 2nd period - Shot Misses the Net.
11:51 of 2nd period - Calvin de Haan is hit by Elias Pettersson and loses puck.
13:14 of 2nd period - Snap shot by Joel Eriksson Ek.
13:14 of 2nd period - Shot Blocked by Torey Krug.
13:42 of 2nd period - Kyle Turris is hit by Claude Giroux and loses puck.
14:23 of 2nd period - Jared Spurgeon is hit by Elias Pettersson and loses puck.
15:11 of 2nd period - Curtis McKenzie is hit by Dominik Kahun and loses puck.
15:24 of 2nd period - Anton Stralman is hit by Brandon Carlo and loses puck.
16:06 of 2nd period - Icing by Zach Bogosian.
16:07 of 2nd period - Anze Kopitar wins face-off versus Tomas Tatar in Capitals zone.
17:03 of 2nd period - Snap shot by Sam Steel.
17:03 of 2nd period - Shot Misses the Net.
17:12 of 2nd period - Jonathon Merrill is hit by Elias Pettersson and loses puck.
17:19 of 2nd period - Wrist shot by Anze Kopitar.
17:19 of 2nd period - Shot Misses the Net.
17:21 of 2nd period - Slapshot by Calvin de Haan.
17:21 of 2nd period - Shot Blocked by Jake Guentzel.
17:23 of 2nd period - Wrist shot by Anze Kopitar.
17:23 of 2nd period - Stopped by Samuel Montembeault without a rebound.
17:24 of 2nd period - Jeff Skinner wins face-off versus Tomas Tatar in Capitals zone.
18:26 of 2nd period - Snap shot by Elias Pettersson.
18:26 of 2nd period - Shot Blocked by Valtteri Filppula.
18:28 of 2nd period - Snap shot by Jake Guentzel.
18:28 of 2nd period - Goal by Jake Guentzel - Capitals : 1 - Devils : 4.
18:29 of 2nd period - Patrice Bergeron wins face-off versus Claude Giroux in neutral zone.
18:40 of 2nd period - Snap shot by Tomas Tatar.
18:40 of 2nd period - Stopped by Sergei Bobrovsky without a rebound.
18:41 of 2nd period - Patrice Bergeron wins face-off versus Claude Giroux in Devils zone.
18:45 of 2nd period - Off-side.
18:46 of 2nd period - Claude Giroux wins face-off versus Patrice Bergeron in neutral zone.
18:53 of 2nd period - Wrist shot by Brock Nelson.
18:53 of 2nd period - Shot Misses the Net.
18:55 of 2nd period - Slapshot by Tomas Tatar.
18:55 of 2nd period - Shot Misses the Net.
18:57 of 2nd period - Wrist shot by Tomas Tatar.
18:57 of 2nd period - Stopped by Sergei Bobrovsky without a rebound.
18:58 of 2nd period - Anze Kopitar wins face-off versus Claude Giroux in Devils zone.
19:13 of 2nd period - Wrist shot by Anze Kopitar.
19:13 of 2nd period - Shot Misses the Net.
19:15 of 2nd period - Slapshot by Jonathon Merrill.
19:15 of 2nd period - Stopped by Samuel Montembeault without a rebound.
19:16 of 2nd period - Alex DeBrincat wins face-off versus Jake Guentzel in Capitals zone.
Goals for this period are 1 for Capitals vs 2 for Devils.
Shots for this period are 10 for Capitals vs 14 for Devils.

3rd period


0:01 of 3rd period - Anze Kopitar wins face-off versus Claude Giroux in neutral zone.
0:04 of 3rd period - Brady Skjei is hit by Jonathon Merrill.
1:53 of 3rd period - Snap shot by Patrice Bergeron.
1:53 of 3rd period - Stopped by Samuel Montembeault with a rebound.
1:55 of 3rd period - Slapshot by Jeff Skinner.
1:55 of 3rd period - Stopped by Samuel Montembeault with a rebound.
1:57 of 3rd period - Slapshot by Jared Spurgeon.
1:57 of 3rd period - Shot Blocked by Oliver Ekman-Larsson.
1:59 of 3rd period - Snap shot by Jeff Skinner.
1:59 of 3rd period - Stopped by Samuel Montembeault with a rebound.
2:01 of 3rd period - Slapshot by Brandon Carlo.
2:01 of 3rd period - Stopped by Samuel Montembeault with a rebound.
2:09 of 3rd period - Wrist shot by Alex DeBrincat.
2:09 of 3rd period - Shot Misses the Net.
2:37 of 3rd period - Snap shot by Alex DeBrincat.
2:37 of 3rd period - Stopped by Samuel Montembeault with a rebound.
2:39 of 3rd period - Slapshot by Jared Spurgeon.
2:39 of 3rd period - Shot Misses the Net.
2:55 of 3rd period - Slapshot by Patrice Bergeron.
2:55 of 3rd period - Goal by Patrice Bergeron - Capitals : 1 - Devils : 5.
2:56 of 3rd period - Claude Giroux wins face-off versus Anze Kopitar in neutral zone.
3:11 of 3rd period - Snap shot by Claude Giroux.
3:11 of 3rd period - Shot Blocked by Jonathon Merrill.
3:23 of 3rd period - Ian Cole is hit by Jonathon Merrill and loses puck.
3:36 of 3rd period - Snap shot by Elias Pettersson.
3:36 of 3rd period - Shot Blocked by Michael Del Zotto.
5:51 of 3rd period - Slapshot by Jared Spurgeon.
5:51 of 3rd period - Deflect By Pavel Buchnevich.
5:51 of 3rd period - Shot Blocked by Zach Bogosian.
5:51 of 3rd period - Puck is out of play.
5:52 of 3rd period - Anze Kopitar wins face-off versus Darren Helm in Capitals zone.
5:57 of 3rd period - Snap shot by Johnny Gaudreau.
5:57 of 3rd period - Stopped by Samuel Montembeault without a rebound.
5:58 of 3rd period - Anze Kopitar wins face-off versus Jake Guentzel in Capitals zone.
5:59 of 3rd period - Slapshot by Johnny Gaudreau.
5:59 of 3rd period - Shot Misses the Net.
6:07 of 3rd period - Wrist shot by Josh Bailey.
6:07 of 3rd period - Shot Blocked by Calvin de Haan.
6:09 of 3rd period - Snap shot by Jake Guentzel.
6:09 of 3rd period - Shot Blocked by Jonathon Merrill.
6:11 of 3rd period - Wrist shot by Elias Pettersson.
6:11 of 3rd period - Stopped by Sergei Bobrovsky without a rebound.
6:12 of 3rd period - Sam Steel wins face-off versus Claude Giroux in Devils zone.
6:51 of 3rd period - Snap shot by Pavel Buchnevich.
6:51 of 3rd period - Shot Misses the Net.
7:05 of 3rd period - Snap shot by Elias Pettersson.
7:05 of 3rd period - Deflect By Jared Spurgeon.
7:05 of 3rd period - Shot Misses the Net.
7:05 of 3rd period - Puck is out of play.
7:06 of 3rd period - Claude Giroux wins face-off versus Radek Faksa in Devils zone.
7:08 of 3rd period - Radek Faksa beats up Ian Cole.
7:08 of 3rd period - Penalty to Radek Faksa for Fighting.
7:08 of 3rd period - Penalty to Ian Cole for Fighting.
7:08 of 3rd period - Penalty to Ian Cole for instigated a fight.
7:08 of 3rd period - Penalty to Ian Cole for instigated a fight.
7:09 of 3rd period - Patrice Bergeron wins face-off versus Riley Sheahan in Devils zone.
7:24 of 3rd period - Snap shot by Darren Helm.
7:24 of 3rd period - Shot Misses the Net.
7:36 of 3rd period - Riley Sheahan is hit by Johnny Gaudreau and loses puck.
8:09 of 3rd period - Jeff Skinner is hit by Anton Stralman and loses puck.
9:08 of 3rd period - Penalty to Ian Cole is over, Joel Eriksson Ek is send on ice.
9:10 of 3rd period - Wrist shot by Joel Eriksson Ek.
9:10 of 3rd period - Stopped by Sergei Bobrovsky with a rebound.
9:12 of 3rd period - Backhand shot by Joel Eriksson Ek.
9:12 of 3rd period - Stopped by Sergei Bobrovsky without a rebound.
9:13 of 3rd period - Kyle Turris wins face-off versus Claude Giroux in Devils zone.
9:18 of 3rd period - Slapshot by Calvin de Haan.
9:18 of 3rd period - Shot Misses the Net.
9:56 of 3rd period - Slapshot by Jake Guentzel.
9:56 of 3rd period - Shot Misses the Net.
10:10 of 3rd period - Patrice Bergeron is hit by Brock Nelson and loses puck.
11:42 of 3rd period - Ben Chiarot is hit by Patrice Bergeron and loses puck.
11:49 of 3rd period - Patrice Bergeron is hit by Josh Bailey.
12:28 of 3rd period - Michael Del Zotto is hit by Zach Bogosian and loses puck.
13:47 of 3rd period - Brady Skjei is hit by Calvin de Haan and loses puck.
14:30 of 3rd period - Calvin de Haan is hit by Oliver Ekman-Larsson and loses puck.
14:47 of 3rd period - Darren Helm is hit by Torey Krug and loses puck.
15:04 of 3rd period - Zach Bogosian is hit by Anze Kopitar and loses puck.
15:25 of 3rd period - Jonathon Merrill is hit by Jake Guentzel and loses puck.
15:36 of 3rd period - Joel Eriksson Ek is hit by Jonathon Merrill and loses puck.
16:09 of 3rd period - Snap shot by Cal O'Reilly.
16:09 of 3rd period - Shot Blocked by Ben Chiarot.
16:11 of 3rd period - Wrist shot by Cal O'Reilly.
16:11 of 3rd period - Shot Misses the Net.
16:19 of 3rd period - Wrist shot by Radek Faksa.
16:19 of 3rd period - Stopped by Samuel Montembeault without a rebound.
16:20 of 3rd period - Anze Kopitar wins face-off versus Jake Guentzel in Capitals zone.
16:21 of 3rd period - Wrist shot by Johnny Gaudreau.
16:21 of 3rd period - Stopped by Samuel Montembeault with a rebound.
16:30 of 3rd period - Minor Penalty to Brandon Carlo for Hooking.
16:31 of 3rd period - Radek Faksa wins face-off versus Claude Giroux in Devils zone.
16:37 of 3rd period - Slapshot by Jared Spurgeon.
16:37 of 3rd period - Shot Misses the Net.
18:11 of 3rd period - Anton Stralman is hit by Michael Del Zotto and loses puck.
18:30 of 3rd period - Penalty to Brandon Carlo is over, Brandon Carlo is back on ice.
18:47 of 3rd period - Anze Kopitar is hit by Ben Chiarot and loses puck.
18:54 of 3rd period - Josh Bailey is hit by Anze Kopitar and loses puck.
19:01 of 3rd period - Snap shot by Torey Krug.
19:01 of 3rd period - Stopped by Samuel Montembeault with a rebound.
19:03 of 3rd period - Snap shot by Brandon Carlo.
19:03 of 3rd period - Stopped by Samuel Montembeault with a rebound.
19:05 of 3rd period - Wrist shot by Cal O'Reilly.
19:05 of 3rd period - Stopped by Samuel Montembeault with a rebound.
19:07 of 3rd period - Snap shot by Radek Faksa.
19:07 of 3rd period - Stopped by Samuel Montembeault with a rebound.
19:42 of 3rd period - Snap shot by Elias Pettersson.
19:42 of 3rd period - Stopped by Sergei Bobrovsky without a rebound.
19:43 of 3rd period - Claude Giroux wins face-off versus Patrice Bergeron in Devils zone.
Goals for this period are 0 for Capitals vs 1 for Devils.
Shots for this period are 4 for Capitals vs 13 for Devils.